 Dungeon Crawl Stone Soup version 0.31-a0-182-gc5ef74bbde (webtiles) character file.

Game seed: 7703138316939979896

1622 qw the Chopper (level 8, -6/49 HPs)
             Began as a Gargoyle Fighter on June 21, 2023.
             Was a Follower of Okawaru.
             Mangled by a troll (12 damage)
             ... on level 7 of the Dungeon.
             The game lasted 00:02:42 (6184 turns).

qw the Chopper (Gargoyle Fighter)                   Turns: 6184, Time: 00:02:43

Health: -6/49      AC: 22    Str: 23    XL:     8   Next: 96%
Magic:  9/10       EV:  9    Int:  8    God:    Okawaru [*.....]
Gold:   193        SH:  5    Dex:  9    Spells: 7/7 levels left

rFire   . . .        Y - +0 war axe (freeze)
rCold   . . .        c - +0 buckler
rNeg    + . .        j - +0 plate armour
rPois   inf          e - +0 helmet
rElec   +            f - +0 cloak
rCorr   .            (no gloves)
SInv    .            (no boots)
Will    .....        (no amulet) Stlth
                     (no ring)
HPRegen 0.28/turn    (no ring)
MPRegen 0.12/turn

%: no passive effects
@: about to teleport, heroic
A: sickness immunity, AC +5, negative energy resistance 1, electricity
resistance, torment resistance 1, petrification resistance
a: Renounce Religion, Heroism


You were on level 7 of the Dungeon.
You worshipped Okawaru.
Okawaru was aware of your devotion.
You visited 1 branch of the dungeon, and saw 7 of its levels.
You also visited: Ossuary.

You collected 349 gold pieces.
You spent 156 gold pieces at shops.


Innate Abilities, Weirdness & Mutations

You are immune to sickness and miasma.
Your stone body is resilient. (AC +5)
You are immune to poison.
You resist negative energy. (rN+)
You are resistant to electric shocks. (rElec)
You are resistant to unholy torment.
You are immune to petrification.


   Skills:
 - Level 5.0(10.0) Fighting
 + Level 7.6(12.6) Axes
 - Level 4.5(9.5) Armour
 - Level 4.0(9.0) Dodging
 - Level 3.2(8.2) Shields
 + Level 2.7 Invocations


You had 7 spell levels left.
You didn't know any spells.
Your spell library was empty.

Inventory:

Hand Weapons
 b - a +0 flail
 Y - a +0 war axe of freezing (weapon)
Armour
 c - a +0 buckler (worn)
 e - a +0 helmet (worn)
 f - a +0 cloak (worn)
 j - a +0 plate armour (worn)
Jewellery
 o - a ring of fire
Scrolls
 a - a scroll of identify
Potions
 d - a potion of might
 g - 2 potions of enlightenment
 h - 2 potions of curing
 i - 3 potions of mutation
 k - a potion of cancellation
 l - a potion of magic {unknown}
 m - a potion of resistance

Dungeon Overview and Level Annotations

Branches:
Dungeon (7/15)            Ossuary (visited)
 Temple: D:4-7

Altars:
Gozag
Okawaru
Yredelemnul

Shops:
D:4 [   D:5 (   D:6 *


Message History

You block the troll's attack.
You closely miss the troll. The troll bites you but does no damage.
You block the troll's attack. The troll claws you but does no damage.
You closely miss the troll. The troll bites you! The troll claws you.
The troll claws you but does no damage.
You barely miss the troll. The troll bites you but does no damage.
The troll barely misses you. The troll claws you.
You barely miss the troll. The troll bites you.
The troll claws you but does no damage. You block the troll's attack.
You barely miss the troll. The troll bites you but does no damage.
You block the troll's attack. The troll barely misses you.
You hit the troll. You freeze the troll.
The troll is lightly wounded.
The troll barely misses you. You block the troll's attack.
The troll claws you but does no damage.
You barely miss the troll.
The troll is lightly wounded.
The troll bites you! The troll misses you. The troll claws you.
You slash the troll! You freeze the troll.
The troll is heavily wounded.
The troll bites you but does no damage. The troll claws you.
The troll claws you but does no damage.
You slash the troll! You freeze the troll.
The troll is almost dead.
You block the troll's attack. The troll claws you but does no damage.
The troll claws you.
6183 ||| READING scroll of teleportation.
As you read the scroll of teleportation, it crumbles to dust.
You feel strangely unstable. The troll bites you but does no damage.
You block the troll's attack. The troll claws you!
You hit the troll. You freeze the troll.
The troll is almost dead.
The troll bites you!
You die...

#.....##.####
#......#.#
#........########
+.....[..........
#.##.<.##########
#...#..####### #.8
#..'.....#
#..#####.#######...
##.# #...@T..?...
####..............
#..............
#..............
#..............
#...............
+..........).\..#
#...............#


You could see a troll.

Vanquished Creatures
  Pikel (D:6)
  An ice beast (D:5)
  A black bear (D:5)
  An ogre (D:5)
  A lemure (D:6)
  A bullfrog (D:7)
  3 scorpions
  A howler monkey (D:6)
  A hound (D:6)
  A jelly (D:5)
  2 gnoll boudas
  6 iguanas
  Ijyb (D:3)
  2 orc wizards (D:6)
  A mummy (Ossuary)
  Robin (D:2)
  8 gnolls
  3 adders
  A shadow imp (D:7)
  A white imp (D:6)
  A worm (D:2)
  2 dart slugs
  12 orcs
  A spectral bat (Ossuary)
  4 endoplasms
  2 giant cockroaches
  12 gnoll zombies (Ossuary)
  13 goblins
  9 hobgoblins
  7 kobolds
  3 quokkas
  3 ball pythons
  3 bats
  6 bat simulacra (Ossuary)
  2 frilled lizards
  5 goblin simulacra (Ossuary)
  5 goblin zombies (Ossuary)
  3 hobgoblin zombies (Ossuary)
  2 kobold simulacra (Ossuary)
  4 kobold zombies (Ossuary)
  6 orc zombies (Ossuary)
  6 rats
  A spectral goblin (Ossuary)
  2 spectral kobolds (Ossuary)
  A spectral rat (Ossuary)
153 creatures vanquished.

Notes
Turn   | Place    | Note
-------+----------+-------------------------------------------
     0 | D:1      | qw the Gargoyle Fighter began the quest for the Orb.
     0 | D:1      | Reached XP level 1. HP: 14/14 MP: 1/1
     0 | D:1      | 0 ||| qw: Version: 0.3-a-9-g12657ce
     0 | D:1      | 0 ||| qw: Game counter: 1517
     0 | D:1      | 0 ||| qw: Always use a shield: true
     0 | D:1      | 0 ||| qw: God list: Okawaru
     0 | D:1      | 0 ||| qw: Allow faded altars: false
     0 | D:1      | 0 ||| qw: Do Orc after D:15 true
     0 | D:1      | 0 ||| qw: Do second Lair branch before Depths: true
     0 | D:1      | 0 ||| qw: Lair rune preference: random
     0 | D:1      | 0 ||| qw: Plans: Normal, Zot:1-4, Slime:5, God:TSO, Crypt,
                  | Tomb, Abyss, Pan, Hells, Win
     0 | D:1      | 0 ||| PLANNING D:1-11
    32 | D:1      | Reached skill level 2 in Axes
   126 | D:1      | 126 ||| Stepping ~*~*~tactically~*~*~ (hiding).
   262 | D:1      | Reached XP level 2. HP: 19/19 MP: 2/2
   316 | D:1      | 316 ||| DROPPING +0 whip.
   430 | D:1      | You fall into a shaft and drop 1 floor!
   430 | D:2      | Found a faded altar of an unknown god.
   431 | D:2      | 431 ||| UPGRADING to +0 helmet.
   436 | D:2      | 436 ||| UPGRADING to +0 cloak.
   882 | D:2      | Reached skill level 3 in Axes
   882 | D:2      | Reached XP level 3. HP: 22/23 MP: 3/3
   883 | D:2      | 883 ||| Stepping ~*~*~tactically~*~*~ (stealth).
   926 | D:2      | 926 ||| Stepping ~*~*~tactically~*~*~ (stealth).
   928 | D:2      | 928 ||| Stepping ~*~*~tactically~*~*~ (stealth).
   931 | D:2      | 931 ||| Stepping ~*~*~tactically~*~*~ (stealth).
   933 | D:2      | 933 ||| Stepping ~*~*~tactically~*~*~ (stealth).
   934 | D:2      | 934 ||| Stepping ~*~*~tactically~*~*~ (stealth).
  1324 | D:2      | 1324 ||| Stepping ~*~*~tactically~*~*~ (stealth).
  1330 | D:2      | Noticed Robin
  1347 | D:2      | Killed Robin
  1348 | D:2      | Reached XP level 4. HP: 18/28 MP: 4/4
  1391 | D:2      | 1391 ||| DROPPING +0 whip of electrocution.
  1789 | D:2      | 1789 ||| UPGRADING to +0 plate armour.
  1799 | D:2      | 1799 ||| DROPPING +0 scale mail.
  1800 | D:2      | 1800 ||| READING 4 scrolls labelled SOOSUE RYTI.
  1801 | D:2      | 1801 ||| READING scroll labelled SOREEG IVAF.
  1802 | D:2      | 1802 ||| READING 3 scrolls of identify.
  1802 | D:2      | 1802 ||| IDENTIFYING blue potion
  1803 | D:2      | 1803 ||| READING 2 scrolls of identify.
  1803 | D:2      | 1803 ||| IDENTIFYING fuming emerald potion
  1804 | D:2      | 1804 ||| DROPPING potion of degeneration.
  2039 | D:3      | Noticed Ijyb
  2040 | D:3      | 2040 ||| Stepping ~*~*~tactically~*~*~ (hiding).
  2047 | D:3      | Killed Ijyb
  2048 | D:3      | Reached skill level 4 in Axes
  2490 | D:3      | Found a basalt altar of Yredelemnul.
  2584 | D:3      | 2584 ||| READING scroll labelled ZYGEL YDOMEAQ.
  2585 | D:3      | 2585 ||| READING scroll labelled YGOGUS YJ SOCW.
  2764 | D:4      | Reached XP level 5. HP: 21/32 MP: 5/5
  2983 | D:4      | Reached skill level 5 in Axes
  2983 | D:4      | HP: 3/32 [gnoll/+0 flail[a gnoll bouda] (7)]
  2987 | D:4      | Reached XP level 6. HP: 5/38 MP: 6/6
  3139 | D:4      | 3139 ||| DROPPING +0 mace.
  3172 | D:4      | 3172 ||| Stepping ~*~*~tactically~*~*~ (stealth).
  3235 | D:4      | Found Gefoychant's Antique Armour Shoppe.
  3238 | D:4      | 3238 ||| SHOPLISTING +10 tower shield of Ignorance {rN+
                  | Int-4} (1203 gold, have 205).
  3481 | D:4      | 3481 ||| READING scroll labelled VOEKOA ZAXA.
  3482 | D:4      | 3482 ||| READING 2 scrolls of identify.
  3482 | D:4      | 3482 ||| IDENTIFYING bubbling cyan potion
  3502 | D:5      | Entered Level 5 of the Dungeon
  3503 | D:5      | 3503 ||| PLANNING OSSUARY
  3670 | D:5      | Reached skill level 6 in Axes
  3670 | D:5      | Reached XP level 7. HP: 21/44 MP: 7/7
  3966 | D:5      | Found a sand-covered staircase.
  3967 | D:5      | 3967 ||| READING scroll labelled SICZAIVOIQ.
  3971 | D:5      | 3971 ||| READING 2 scrolls of identify.
  3971 | D:5      | 3971 ||| IDENTIFYING puce potion
  3993 | Ossuary  | Entered an ossuary
  4396 | Ossuary  | 4396 ||| READING 3 scrolls labelled QUEXEI NENIQOI.
  4397 | Ossuary  | 4397 ||| READING 2 scrolls of identify.
  4397 | Ossuary  | 4397 ||| IDENTIFYING coppery potion
  4398 | Ossuary  | 4398 ||| DROPPING 2 scrolls of fog.
  4452 | D:5      | 4452 ||| PLANNING D:1-11
  4551 | D:5      | Found Kedau's Antique Weapon Emporium.
  4695 | D:5      | Reached skill level 7 in Axes
  4815 | D:5      | Found an iron altar of Okawaru.
  4816 | D:5      | 4816 ||| PLANNING OKAWARU WORSHIP
  4816 | D:5      | 4816 ||| READING scroll labelled ALEYWI LOKKIKH.
  4817 | D:5      | 4817 ||| READING scroll labelled FAHAER GOUGI.
  4818 | D:5      | 4818 ||| READING 2 scrolls of identify.
  4818 | D:5      | 4818 ||| IDENTIFYING viscous clear potion
  4822 | D:5      | Reached XP level 8. HP: 48/48 MP: 8/8
  4824 | D:5      | Became a worshipper of Warmaster Okawaru
  4825 | D:5      | 4825 ||| PLANNING D:1-11
  4960 | D:6      | Found Panel's General Store.
  4968 | D:6      | 4968 ||| BUYING potion of curing (36 gold).
  4968 | D:6      | Bought a potion of curing for 36 gold pieces
  4968 | D:6      | 4968 ||| BUYING potion of resistance (120 gold).
  4968 | D:6      | Bought a potion of resistance for 120 gold pieces
  4968 | D:6      | 4968 ||| SHOPLISTING ring "Murhir" {rPois Will+ AC+4} (633
                  | gold, have 124).
  4998 | D:6      | 4998 ||| Stepping ~*~*~tactically~*~*~ (hiding).
  5134 | D:6      | Found an opulent altar of Gozag.
  5136 | D:6      | 5136 ||| Stepping ~*~*~tactically~*~*~ (stealth).
  5138 | D:6      | 5138 ||| Stepping ~*~*~tactically~*~*~ (stealth).
  5140 | D:6      | 5140 ||| Stepping ~*~*~tactically~*~*~ (stealth).
  5149 | D:6      | 5149 ||| FLEEEEING.
  5151 | D:6      | 5151 ||| FLEEEEING.
  5153 | D:6      | 5153 ||| FLEEEEING.
  5154 | D:6      | 5154 ||| FLEEEEING.
  5155 | D:6      | 5155 ||| FLEEEEING.
  5156 | D:6      | 5156 ||| FLEEEEING.
  5157 | D:6      | 5157 ||| FLEEEEING.
  5158 | D:6      | 5158 ||| FLEEEEING.
  5159 | D:6      | 5159 ||| FLEEEEING.
  5187 | D:6      | Noticed Pikel
  5188 | D:6      | 5188 ||| Stepping ~*~*~tactically~*~*~ (stealth).
  5190 | D:6      | 5190 ||| Stepping ~*~*~tactically~*~*~ (stealth).
  5212 | D:6      | HP: 11/49 [Pikel/+2 whip of freezing (6)]
  5213 | D:6      | 5213 ||| DRINKING potion of heal wounds.
  5218 | D:6      | HP: 12/49 [Pikel/+2 whip of freezing (1)]
  5221 | D:6      | Killed Pikel
  5221 | D:6      | Reached * piety under Okawaru
  5222 | D:6      | 5222 ||| INVOKING Heroism.
  5223 | D:6      | HP: 7/49 [gnoll bouda/+0 club (6)]
  5396 | D:6      | Reached skill level 1 in Invocations
  6147 | D:7      | 6147 ||| Stepping ~*~*~tactically~*~*~ (stealth).
  6167 | D:7      | Noticed a troll
  6168 | D:7      | 6168 ||| INVOKING Heroism.
  6182 | D:7      | HP: 12/49 [troll (6)]
  6183 | D:7      | 6183 ||| READING scroll of teleportation.
  6183 | D:7      | HP: 5/49 [troll (7)]
  6184 | D:7      | Mangled by a troll

Levels and vault maps discovered:
D:1:      psy_arrival_statuary, layout_loops_ring
D:2:      layout_loops_corners, chequers_ecumenical_altar_island, uniq_robin
D:3:      layout_loops_ring, mainiacjoe_overflow_brackets, uniq_ijyb
D:4:      layout_basic, serial_shops, kennysheep_mini
D:5:      layout_basic, marbit_many_paths, serial_shops, nicolae_stop_n_shop_2,
          lightli_ossuary_entry_decrepit_ruins
D:6:      layout_basic, grunt_gozag_statues, serial_shops, shop, nrook_uturn,
          serial_bayou_crossing, uniq_pikel
D:7:      layout_basic, minmay_temple_entry_antechambers, abandoned_shop,
          minivault_24, minmay_misc_feat_cross, uniq_duvessa

Skill      XL: |  1  2  3  4  5  6  7  8 |
---------------+-------------------------+-----
Axes           | 2 3 4 5 6 7 |  7.6
Fighting       | 4 5 |  5.0
Armour         | 4 |  4.5
Dodging        | 4 |  4.0
Invocations    | 2 |  2.7
Shields        | |  3.2

Action                     |  1- 3 |  4- 6 |  7- 9 || total
---------------------------+-------+-------+-------++-------
  Melee: War axe           |    91 |   115 |   255 ||   461
 Invoke: Heroism           |       |       |     2 ||     2
    Use: Scroll            |       |     8 |     8 ||    16
         Potion            |       |       |     1 ||     1
 Armour: Scale mail        |    48 |       |       ||    48
         Plate armour      |       |    74 |   167 ||   241
  Dodge: Dodged            |    46 |    24 |    68 ||   138
  Block: Buckler           |    12 |    21 |    47 ||    80

Table legend:
 A = Non-vault XP
 B = Vault XP
 C = Vault XP percentage of total XP
 D = Non-vault monster count
 E = Vault monster count
 F = Vault count percentage of total count
                 A         B        C        D         E       F
            +---------+---------+-------+---------+---------+-------
      Total |    1527 |     791 |  34.1 |      89 |      63 |  41.4
            +---------+---------+-------+---------+---------+-------
        D:1 |      19 |       0 |   0.0 |      13 |       0 |   0.0
        D:2 |      40 |      34 |  45.9 |      15 |      11 |  42.3
        D:3 |      12 |      36 |  75.0 |       7 |       1 |  12.5
        D:4 |     283 |       0 |   0.0 |      19 |       0 |   0.0
        D:5 |     698 |       4 |   0.6 |      17 |       1 |   5.6
        D:6 |     367 |     641 |  63.6 |      16 |       1 |   5.9
        D:7 |     108 |       0 |   0.0 |       2 |       0 |   0.0
    Ossuary |       0 |      76 | 100.0 |       0 |      49 | 100.0
            +---------+---------+-------+---------+---------+-------
